 Dungeon Crawl Stone Soup version 0.29-a0-322-g68df515428 (webtiles) character file.

Game seed: 13305506126031134574

764 kae the Firebug (level 7, -2/40 HPs)
             Began as a Tengu Fire Elementalist on Apr 7, 2022.
             Killed by divine providence
             ... invoked by an orc priest
              (14 damage)
             ... on level 4 of the Dungeon.
             The game lasted 00:03:00 (6804 turns).

kae the Firebug (Tengu Fire Elementalist)           Turns: 6804, Time: 00:03:01

Health: -2/40      AC:  2    Str: 15    XL:     7   Next: 81%
Magic:  4/13       EV: 16    Int: 17    God:
Gold:   93         SH:  5    Dex: 20    Spells: 7/13 levels left

rFire   . . .      SeeInvis .   o - +0 short sword (venom)
rCold   . . .      Faith    .   l - +0 buckler
rNeg    . . .      Spirit   .   a - +0 robe
rPois   .          Reflect  .   (helmet restricted)
rElec   .          Harm     .   (no cloak)
rCorr   .          Rampage  .   (no gloves)
Will    .....                   (boots unavailable)
Stlth   ++........              (no amulet)
HPRegen 0.13/turn               c - +6 ring of strength
MPRegen 0.13/turn               f - +6 ring of dexterity

@: flying quickly and evasively, quick
A: beak, talons 3, nimble flight
a: no special abilities


You were on level 4 of the Dungeon.
You visited 1 branch of the dungeon, and saw 4 of its levels.

You collected 126 gold pieces.
You spent 33 gold pieces at shops.

Inventory:

Hand Weapons
 o - a +0 short sword of venom (weapon)
Armour
 a - a +0 robe (worn)
 l - a +0 buckler (worn)
Jewellery
 c - a +6 ring of strength (left hand)
 f - a +6 ring of dexterity (right hand)
 j - a ring of protection from fire
 q - a +6 ring of dexterity
Scrolls
 m - a scroll of identify
 p - a scroll of enchant weapon {unknown}
Potions
 b - 2 potions of magic
 d - a potion of cancellation
 e - 6 potions of heal wounds
 g - 2 potions of lignification {unknown}
 h - 4 potions of curing
 i - a potion of invisibility {unknown}
 k - a potion of ambrosia {unknown}
 n - a potion of berserk rage {unknown}


   Skills:
 + Level 2.8 Fighting
 + Level 3.4 Armour
 + Level 4.1 Dodging
 - Level 2.0 Stealth
 + Level 2.0 Shields
 + Level 3.5 Spellcasting
 + Level 4.4 Conjurations
 + Level 4.8 Fire Magic


You had 7 spell levels left.
You knew the following spells:

 Your Spells              Type           Power      Damage    Failure   Level
a - Foxfire               Conj/Fire      72%        2x1d7     3%          1
b - Scorch                Fire           38%        2d7       4%          2
c - Conjure Flame         Conj/Fire      18%        6-21      10%         3

Your spell library contained the following spells:

 Spells                   Type           Power      Damage    Failure   Level
 Inner Flame              Hex/Fire       11%        N/A       24%         3
 Flame Wave               Conj/Fire      18%        2d6       32%         4
 Gell's Gravitas          Tloc           2%         N/A       54%         3
 Lesser Beckoning         Tloc           2%         N/A       54%         3
 Teleport Other           Tloc           2%         N/A       54%         3
 Summon Cactus Giant      Summ           1%         N/A       100%        6


Dungeon Overview and Level Annotations

Branches:
Dungeon (4/15)
 Temple: D:4-7

Altars:
Dithmenos

Shops:
D:2 !

Annotations:
D:2 1 runed translucent door, Crazy Yiuf


Innate Abilities, Weirdness & Mutations

You have a beak for a mouth.
You have claws for feet.
Your magical nature lets you fly swiftly and evasively.


Message History

The hound is heavily wounded.
The foxfire hits the hound.
The hound is severely wounded.
The hound bites you but does no damage. The orc priest misses you.
The orc priest casts a cantrip, but nothing happens.
Casting: Foxfire (safe; 3% risk of failure)
Confirm with . or Enter, or press ? or * to list all spells.
You conjure some foxfire!
The hound bites you. The orc priest closely misses you.
The orc priest hits your foxfire with a +0 hand axe.
The orc priest hits you with a +0 dagger.
The hound bites you.
The foxfire hits the hound.
The hound is almost dead.
The foxfire hits the hound.
You kill the hound!
The orc priest closely misses you. x2
Casting: Foxfire (safe; 3% risk of failure)
Confirm with . or Enter, or press ? or * to list all spells.
You conjure some foxfire!
The orc priest misses you. The orc priest completely misses you.
The foxfire hits the orc priest.
The orc priest is moderately wounded.
The foxfire hits the orc priest.
The orc priest is heavily wounded.
You block the orc priest's attack.
The orc priest hits you with a +0 hand axe!
Casting: Foxfire (safe; 3% risk of failure)
Confirm with . or Enter, or press ? or * to list all spells.
You conjure some foxfire!
You block the orc priest's attack. The orc priest closely misses you.
The foxfire hits the orc priest.
The orc priest is heavily wounded.
The foxfire hits the orc priest.
The orc priest is moderately wounded.
The orc priest hits you with a +0 dagger.
* * * LOW HITPOINT WARNING * * *
The orc priest calls down the wrath of Beogh upon you.
Beogh smites you!
You die...

#......#. #.....#
#......'. #.....#
#......## #.....#
#........ #.)...#
#........ #.)...#
#........
#.....#####........
#o†o...............
#.@..............##
#..§.............#.
#..........#######.
#.........)#.......
#..........#.......
#..........#.......
#.........)#.......
#........))####'###
#######.....#...##.


You could see 2 orc priests.

Vanquished Creatures
  Eustachio (D:4)
  Menkaure (D:4)
  2 water moccasins
  A hound (D:4)
  2 orc priests
  An orc wizard (D:4)
  Robin (D:4)
  An adder (D:3)
  4 worms
  5 dart slugs
  12 orcs
  8 endoplasms
  A giant cockroach (D:3)
  19 goblins
  11 hobgoblins
  8 jackals
  4 kobolds
  6 quokkas
  6 ball pythons
  5 bats
  3 frilled lizards
  19 rats
121 creatures vanquished.

Vanquished Creatures (collateral kills)
  4 foxfires (D:1)
4 creatures vanquished.

Vanquished Creatures (others)
  341 foxfires
  4 plants (D:1)
  21 withered plants (D:3)
366 creatures vanquished.

Grand Total: 491 creatures vanquished

Notes
Turn   | Place    | Note
-------+----------+-------------------------------------------
     0 | D:1      | kae the Tengu Fire Elementalist began the quest for the
                  | Orb.
     0 | D:1      | Reached XP level 1. HP: 10/10 MP: 4/4
   330 | D:1      | Reached XP level 2. HP: 14/16 MP: 1/6
   974 | D:1      | Reached skill level 1 in Armour
  1020 | D:1      | Reached XP level 3. HP: 20/20 MP: 2/7
  1027 | D:1      | Learned a level 2 spell: Scorch
  1031 | D:1      | Learned a level 3 spell: Conjure Flame
  1958 | D:2      | Found a shadowy altar of Dithmenos.
  2460 | D:2      | Reached skill level 1 in Fighting
  2773 | D:2      | Reached XP level 4. HP: 25/25 MP: 6/8
  2827 | D:2      | Found Ogied's Distillery.
  2843 | D:2      | Bought a potion of curing for 33 gold pieces
  2906 | D:2      | Found a runed translucent door.
  2907 | D:2      | Noticed Crazy Yiuf
  3388 | D:3      | Noticed a water moccasin
  3425 | D:3      | Killed a water moccasin
  3426 | D:3      | Gained mutation: Your magical nature lets you fly swiftly
                  | and evasively. [Tengu growth]
  3426 | D:3      | Reached XP level 5. HP: 5/30 MP: 2/10
  4447 | D:3      | Reached XP level 6. HP: 23/35 MP: 5/11
  4779 | D:3      | Found a faded altar of an unknown god.
  5324 | D:4      | Noticed Menkaure
  5333 | D:4      | Killed Menkaure
  5334 | D:4      | Reached skill level 1 in Shields
  5740 | D:4      | Noticed a water moccasin
  5749 | D:4      | Killed a water moccasin
  5750 | D:4      | Reached XP level 7. HP: 14/40 MP: 5/12
  6229 | D:4      | Noticed Eustachio
  6250 | D:4      | Killed Eustachio
  6480 | D:4      | Noticed Robin
  6495 | D:4      | Killed Robin
  6804 | D:4      | Killed from afar by an orc priest

Illustrated notes

Levels and vault maps discovered:
D:1:      psy_arrival_fountain, layout_loops_ring, serial_bayou,
          serial_bayou_ford_a, serial_bayou_pond_e, serial_bayou_pond_b,
          serial_bayou_shore_a, minmay_misc_feat_ornament
D:2:      layout_basic, serial_shops, nicolae_shop_stone, basic_altar,
          uniq_crazy_yiuf_cottage
D:3:      layout_basic, shapermc_ecumenical_altar_flowoftime, minmay_rat_hole
D:4:      minmay_skewed_foursquare, layout_gridville, uniq_menkaure,
          uniq_eustachio, uniq_robin

Skill      XL: |  1  2  3  4  5  6  7 |
---------------+----------------------+-----
Conjurations   | 2 3 4 |  4.4
Armour         | 1 2 3 |  3.4
Fighting       | 1 2 |  2.8
Dodging        | 3 4 |  4.1
Fire Magic     | 4 |  4.8
Shields        | 1 2 |  2.0
Spellcasting   | 3 |  3.5
Stealth        | |  2.0

Action                   |  1- 3 |  4- 6 |  7- 9 || total
-------------------------+-------+-------+-------++-------
Melee: Unarmed           |    20 |    46 |       ||    66
       Peck              |     5 |    10 |     2 ||    17
       Kick              |     4 |    18 |     6 ||    28
       Punch             |     1 |     1 |       ||     2
       Short sword       |       |     2 |    16 ||    18
 Cast: Foxfire           |    93 |    61 |    41 ||   195
       Scorch            |     2 |    26 |     6 ||    34
  Use: Scroll            |     4 |     2 |       ||     6
       Potion            |       |     1 |       ||     1
 Stab: Sleeping          |     1 |     3 |       ||     4
Armor: Robe              |     6 |     2 |     4 ||    12
Dodge: Dodged            |    27 |    55 |    33 ||   115
Block: Buckler           |       |     9 |     6 ||    15

Table legend: (Time is in decaauts)
 A = Elapsed time spent in this place.
 B = Non-inter-level travel time spent in this place.
 C = Inter-level travel time spent in this place.
 D = Time resting spent in this place.
 E = Time spent auto-exploring this place.
 F = Levels seen in this place.
 G = Mean time per level.
                   A        B        C        D        E       F      G
               +--------+--------+--------+--------+--------+-----+--------+
         Total |   6736 |   6645 |     91 |    540 |   5193 |   4 | 1684.0 |
       Dungeon |   6736 |   6645 |     91 |    540 |   5193 |   4 | 1684.0 |
               +--------+--------+--------+--------+--------+-----+--------+

Top non-repeatable levels by time:
     D:3: 1997 daAuts
     D:1: 1831 daAuts
     D:4: 1634 daAuts
     D:2: 1273 daAuts
